 Dungeon Crawl Stone Soup version 0.27.0-66-gdc8fb28755 (webtiles) character file.

Game seed: 13517681270552342059

50 funkygono the Firebug (level 3, -2/19 HPs)
             Began as a Gargoyle Fire Elementalist on Aug 20, 2021.
             Slain by a gnoll (9 damage)
             ... on level 2 of the Dungeon.
             The game lasted 00:02:27 (1681 turns).

funkygono the Firebug (Gargoyle Fire Elementalist)  Turns: 1681, Time: 00:02:27

Health: -2/19      AC:  5    Str: 11    XL:     3   Next: 79%
Magic:  0/6        EV: 12    Int: 16    God:
Gold:   32         SH:  0    Dex: 10    Spells: 3/7 levels left

rFire    . . .     SeeInvis .   f - +0 whip
rCold    . . .     Faith    .   (no shield)
rNeg     + . .     Spirit   .   a - +0 robe
rPois    ∞         Reflect  .   (no helmet)
rElec    +         Harm     .   (no cloak)
rCorr    .         Rampage  .   (no gloves)
Will     .....                  (no boots)
Stlth    ++........             (no amulet)
HPRegen  0.06/turn              (no ring)
MPRegen  0.10/turn              (no ring)

@: very slightly contaminated
A: sickness immunity, AC +3, negative energy resistance 1, electricity
resistance, torment resistance 1, petrification resistance
a: no special abilities


You were on level 2 of the Dungeon.
You visited 1 branch of the dungeon, and saw 2 of its levels.

You collected 32 gold pieces.

Inventory:

Hand Weapons
 d - a +0 flail
 f - a +0 whip (weapon)
Missiles
 j - 4 stones
Armour
 a - a +0 robe (worn)
Scrolls
 b - 3 scrolls of amnesia {unknown}
 c - 2 scrolls of identify {unknown}
 h - a scroll of noise {unknown}
 i - a scroll of enchant weapon {unknown}
 k - 2 scrolls of teleportation {unknown}
Potions
 e - 2 potions of heal wounds {unknown}
 g - a potion of degeneration {unknown}


   Skills:
 + Level 1.9 Dodging
 - Level 2.1 Stealth
 + Level 2.6 Spellcasting
 + Level 1.4 Conjurations
 + Level 3.8 Fire Magic


You had 3 spell levels left.
You knew the following spells:

 Your Spells              Type           Power      Damage    Failure   Level
a - Foxfire               Conj/Fire      40%        2x1d6     7%          1
b - Conjure Flame         Conj/Fire      10%        6-21      21%         3

Your spell library contained the following spells:

 Spells                   Type           Power      Damage    Failure   Level
 Summon Small Mammal      Summ           8%         N/A       21%         1
 Inner Flame              Hex/Fire       8%         N/A       26%         3
 Call Canine Familiar     Summ           2%         N/A       52%         3
 Summon Guardian Golem    Hex/Summ       2%         N/A       52%         3
 Sticky Flame             Conj/Fire      10%        2d3       54%         4
 Fireball                 Conj/Fire      5%         3d5       88%         5


Dungeon Overview and Level Annotations

Branches:
Dungeon (2/15)

Altars:


Innate Abilities, Weirdness & Mutations

You are immune to sickness and miasma.
Your stone body is resilient. (AC +3)
You are immune to poison.
You resist negative energy. (rN+)
You are resistant to electric shocks. (rElec)
You are resistant to unholy torment.
You are immune to petrification.


Message History

a +0 dagger; a kobold corpse
Casting: Foxfire (safe; 7% risk of failure)
Confirm with . or Enter, or press ? or * to list all spells.
You miscast Foxfire.
You are very lightly contaminated with residual magic.
Nothing appears to happen.
The gnoll misses you.
Your magical contamination has completely faded away.
Casting: Foxfire (safe; 7% risk of failure)
Confirm with . or Enter, or press ? or * to list all spells.
You conjure some foxfire!
The gnoll hits you from afar with a +1 antimagic spear.
The foxfire hits the gnoll but does no damage.
The gnoll is lightly wounded.
The foxfire hits the gnoll but does no damage.
The gnoll is lightly wounded.
You see here a jackal skeleton.
Casting: Foxfire (safe; 7% risk of failure)
Confirm with . or Enter, or press ? or * to list all spells.
You conjure some foxfire!
The gnoll completely misses you.
The foxfire hits the gnoll.
The gnoll is moderately wounded.
The foxfire hits the gnoll but does no damage.
The gnoll is moderately wounded.
Casting: Foxfire (safe; 7% risk of failure)
Confirm with . or Enter, or press ? or * to list all spells.
You miscast Foxfire.
You are very lightly contaminated with residual magic.
Nothing appears to happen.
The gnoll hits you from afar with a +1 antimagic spear.
The gnoll hits you with a +1 antimagic spear.
You closely miss the gnoll.
The gnoll is moderately wounded.
The gnoll closely misses you.
You hit the gnoll but do no damage.
The gnoll is moderately wounded.
The gnoll barely misses you.
You barely miss the gnoll.
The gnoll is moderately wounded.
The gnoll hits you with a +1 antimagic spear!
You die...

##.......##....# ####
#.........#....#### #...
#.........#.......# #...
#.........#...)##.## #...
#.........#.....#..###...
#....÷........#.##...#...
#.............#...##.#...
#.............###..#...##
#.......@g.......÷......#
#..............####...#.#
#................####....
##..........>.##..# ###..
##.....#..<..# #.# #.
####.##.....# ..# #.
########## .# ## #.######
#.......


You could see a gnoll.

Vanquished Creatures
  A gnoll (D:2)
  2 dart slugs
  4 ball pythons
  2 endoplasms
  A giant cockroach (D:2)
  A goblin (D:1)
  A hobgoblin (D:2)
  6 jackals
  2 quokkas (D:1)
  5 bats
  4 kobolds
  3 rats (D:1)
32 creatures vanquished.

Vanquished Creatures (others)
  84 foxfires
84 creatures vanquished.

Grand Total: 116 creatures vanquished

Notes
Turn   | Place    | Note
-------+----------+-------------------------------------------
     0 | D:1      | funkygono the Gargoyle Fire Elementalist began the quest
                  | for the Orb.
     0 | D:1      | Reached XP level 1. HP: 10/10 MP: 3/3
   198 | D:1      | Reached XP level 2. HP: 15/15 MP: 1/5
  1326 | D:2      | Reached XP level 3. HP: 19/19 MP: 4/6
  1330 | D:2      | Learned a level 3 spell: Conjure Flame
  1681 | D:2      | Slain by a gnoll

Illustrated notes

Levels and vault maps discovered:
D:1:      heliophobic_arrival_ceremonial_halls, layout_basic
D:2:      layout_rooms, uniq_crazy_yiuf_cottage

Action                   || total
-------------------------++-------
Melee: Whip              ||    32
 Cast: Foxfire           ||    48
Armor: Robe              ||    17
Dodge: Dodged            ||    39
